 Dungeon Crawl Stone Soup version 0.21.1-1-g345015f (webtiles) character file.

50 sking99 the Ruffian (level 3, -4/29 HPs)
             Began as a Draconian Transmuter on July 5, 2018.
             Slain by a sky beast (5 damage)
             ... on level 1 of the Dungeon.
             The game lasted 00:02:54 (1552 turns).

sking99 the Ruffian (Draconian Transmuter)          Turns: 1552, Time: 00:02:55

Health: -4/29      AC:  5    Str: 12    XL:     3   Next: 55%
Magic:  1/6        EV: 17    Int: 14    God:
Gold:   95         SH:  0    Dex: 16    Spells: 0/6 levels left

rFire    . . .     SeeInvis .     - Unarmed
rCold    . . .     Gourm    .   (no shield)
rNeg     . . .     Faith    .   (armour unavailable)
rPois    .         Spirit   .   (helmet restricted)
rElec    .         Reflect  .   (no cloak)
rCorr    .         Harm     .   (no gloves)
MR       .....                  (no boots)
Stlth    ++........             (no amulet)
HPRegen  0.09/turn              (no ring)
MPRegen  0.10/turn              (no ring)

@: agile, very slightly contaminated
A: unfitting armour, cold-blooded, AC +5
a: no special abilities


You were on level 1 of the Dungeon.
You were not hungry.

You visited 1 branch of the dungeon, and saw 2 of its levels.

You collected 95 gold pieces.

Inventory:

Missiles
 a - 31 arrows
Jewellery
 i - a cursed -3 ring of dexterity {unknown}
Scrolls
 f - a scroll of fog {unknown}
 g - a scroll of enchant weapon {unknown}
 h - a scroll of remove curse {unknown}
 j - a scroll of amnesia {unknown}
 k - a scroll of identify {unknown}
Potions
 d - a potion of flight {unknown}
Books
 b - a book of Changes

   Spells                             Type                      Level
   a - Beastly Appendage              Transmutation                1
   b - Sticks to Snakes               Transmutation                2
   c - Spider Form                    Transmutation/Poison         3
   d - Ice Form                       Ice/Transmutation            4
   e - Blade Hands                    Transmutation                5
Comestibles
 c - 3 rations


   Skills:
 + Level 2.3 Fighting
 - Level 1.7 Dodging
 * Level 4.1 Unarmed Combat
 - Level 2.0 Spellcasting
 - Level 2.0 Transmutations


You couldn't memorise any spells.
You knew the following spells:

 Your Spells              Type           Power        Failure   Level  Hunger
a - Beastly Appendage     Tmut           #.....       11%         1    ##.....
b - Sticks to Snakes      Tmut           #.......     16%         2    ###....
c - Spider Form           Tmut/Pois      #.........   43%         3    ####...


Dungeon Overview and Level Annotations

Branches:
Dungeon (2/15)

Altars:
Qazlal


Innate Abilities, Weirdness & Mutations

Your plain brown scales are hard. (AC +5)
You cannot fit into any form of body armour.
You are cold-blooded and may be slowed by cold attacks.


Message History

Reactivating autopickup.
The sky beast hits you but does no damage.
You climb upwards.
There is a stone staircase leading down here.
You hit the sky beast but do no damage. The sky beast completely misses you.
You closely miss the sky beast.
Casting: Sticks to Snakes
Confirm with . or Enter, or press ? or * to list all spells.
You miscast Sticks to Snakes.
You are very lightly contaminated with residual magic.
Nothing appears to happen.
The sky beast hits you.
* * * LOW HITPOINT WARNING * * *
The sky beast shocks you.
* * * LOW HITPOINT WARNING * * *
It was a potion of agility.
You feel agile all of a sudden. The sky beast hits you.
* * * LOW HITPOINT WARNING * * *
The sky beast shocks you.
You die...

#............#.#.#.##........
#............#.#.#.##........
#####............#.#.#...........
.(...............#.#.......#####.
...........#####.#.####....# #.
...........# ###.#.(..#....# #.
...........# #...#.##.#....#####.
...........# #...####.###.###....
...........# #..@+.........##....
...........###.Y.########...#....
...........##...###.....#.#.#)...
.....#....................#..###.
.....#.....##...........####.# #.
...###.......##.........# #.###.
.........###.#......##### #..##.
##..>....#..........#########.##.
#.......#..........+..........#.


You could see a sky beast.

Vanquished Creatures
  2 adders (D:2)
  A dart slug (D:1)
  2 leopard geckos (D:1)
  4 giant cockroaches (D:1)
  3 goblins (D:1)
  4 hobgoblins
  3 jackals (D:1)
  A quokka (D:2)
  A bat (D:1)
  2 frilled lizards (D:1)
  2 kobolds (D:1)
  4 rats (D:1)
29 creatures vanquished.

Vanquished Creatures (collateral kills)
  A ball python (D:2)
1 creature vanquished.

Grand Total: 30 creatures vanquished

Notes
Turn   | Place    | Note
-------+----------+-------------------------------------------
     0 | D:1      | sking99 the Draconian Transmuter began the quest for the Orb.
     0 | D:1      | Reached XP level 1. HP: 16/16 MP: 3/3
   184 | D:1      | Reached XP level 2. HP: 21/23 MP: 3/5
   445 | D:1      | Learned a level 2 spell: Sticks to Snakes
  1132 | D:1      | Reached XP level 3. HP: 29/29 MP: 4/6
  1190 | D:1      | Learned a level 3 spell: Spider Form
  1338 | D:2      | Reached skill level 4 in Unarmed Combat
  1488 | D:2      | Found a stormy altar of Qazlal.
  1489 | D:2      | Noticed a sky beast
  1552 | D:1      | HP: 1/29 [sky beast (1)]
  1552 | D:1      | Slain by a sky beast

Skill      XL: |  1  2  3 |
---------------+----------+-----
Fighting       | 2 |  2.3
Unarmed Combat | 4 |  4.1
Dodging        | |  1.7
Spellcasting   | |  2.0
Transmutations | |  2.0

Action                   || total
-------------------------++-------
Melee: Unarmed           ||   106
       Headbutt          ||    10
       Tailslap          ||     4
       Punch             ||     1
 Cast: Beastly Appendage ||    19
       Sticks to Snakes  ||     5
  Use: Potion            ||     1
 Stab: Sleeping          ||     1
  Eat: Chunk             ||     3
Armor: Skin              ||    35
Dodge: Dodged            ||    75
